 Seeded DCSS version 0.30.1-9-gdf580d7c3d (webtiles) character file.

Game seed: 5 (custom seed)

5441 Kazon the Basher (level 11, -9/81 HPs)
             Began as a Human Fighter on Sept 28, 2023.
             Was a High Priest of Okawaru.
             Mangled by a komodo dragon (17 damage)
             ... on level 10 of the Dungeon on Oct 2, 2023.
             The game lasted 00:30:52 (5545 turns).

Kazon the Basher (Human Fighter)                    Turns: 5545, Time: 00:30:52

Health: -9/81      AC: 10    Str: 20    XL:     11   Next: 0%
Magic:  0/24       EV: 11    Int:  9    God:    Okawaru [*****.]
Gold:   403        SH:  0    Dex: 24    Spells: 10/10 levels left

rFire   + . .        r - +1 great mace "Joujuuwk" {flame, Fragile rF+ Dex+5 Stlth+}
rCold   . . .        (shield currently unavailable)
rNeg    . . .        b - +0 scale mail
rPois   .            j - +0 helmet
rElec   .            (no cloak)
rCorr   .            n - +0 pair of gloves
SInv    .            (no boots)
Will    .....        E - amulet of guardian spirit
Stlth   +++          o - ring of magical power
HPRegen 0.33/turn    y - +6 ring of dexterity
MPRegen 0.19/turn

%: guardian spirit
@: no status effects
A: no striking features
a: Renounce Religion, Heroism, Finesse, Duel


You were on level 10 of the Dungeon.
You worshipped Okawaru.
Okawaru was extremely pleased with you.
You visited 2 branches of the dungeon, and saw 11 of its levels.
You also visited: Ossuary.

You collected 403 gold pieces.

Inventory:

Hand Weapons
 a - a +0 war axe
 e - a +2 vampiric dagger
 f - a +0 hand axe of flaming
 r - the +1 great mace "Joujuuwk" (weapon) {flame, Fragile rF+ Dex+5 Stlth+}
   (You acquired it on level 1 of the Dungeon)

   Dex:       It affects your dexterity (+5).
   rF:        It protects you from fire.
   Fragile:   It will be destroyed if unequipped.
   Stlth:     It makes you more stealthy.
Missiles
 l - 17 boomerangs
 t - 8 poisoned darts (quivered)
 B - 25 stones
 J - 3 curare-tipped darts
 O - 3 silver javelins
Armour
 b - a +0 scale mail (worn)
 c - a +0 tower shield
 j - a +0 helmet (worn)
 n - a +0 pair of gloves (worn)
Jewellery
 o - a ring of magical power (left hand)
 y - a +6 ring of dexterity (right hand)
 E - an amulet of guardian spirit (around neck)
 P - a +4 ring of protection
Wands
 A - a wand of paralysis (8)
Scrolls
 g - a scroll of fog {unknown}
 i - 5 scrolls of identify
 m - 3 scrolls of teleportation
 p - 2 scrolls of magic mapping {unknown}
 q - a scroll of blinking {unknown}
 s - a scroll of summoning
 z - a scroll of amnesia {unknown}
 C - a scroll of torment {unknown}
 G - a scroll of poison {unknown}
 H - a scroll of enchant armour {unknown}
 M - 2 scrolls of fear {unknown}
 N - a scroll of enchant weapon
Potions
 d - a potion of might
 h - a potion of resistance {unknown}
 k - 4 potions of curing
 u - 5 potions of flight {unknown}
 v - 2 potions of berserk rage {unknown}
 w - 2 potions of invisibility {unknown}
 x - 4 potions of heal wounds {unknown}
 D - a potion of lignification {unknown}
 F - 4 potions of attraction {unknown}
 I - a potion of magic
 K - a potion of haste {unknown}
 L - 2 potions of brilliance {unknown}


   Skills:
 + Level 5.6 Fighting
 + Level 2.5(6.5) Axes
 + Level 9.4(9.6) Maces & Flails
 + Level 3.0 Throwing
 + Level 6.0 Armour
 + Level 2.6 Dodging
 + Level 3.4 Stealth
 + Level 3.1 Shields
 * Level 6.6 Invocations
 * Level 5.2 Evocations


You had 10 spell levels left.
You didn't know any spells.
Your spell library contained the following spells:

 Spells                   Type           Power      Damage    Failure   Level
 Foxfire                  Conj/Fire      0%         2x1d4     71%         1
 Frozen Ramparts          Ice            0%         1d1       97%         3
 Ignite Poison            Fire/Tmut/Pois 0%         N/A       97%         3
 Ice Form                 Ice/Tmut       0%         N/A       100%        4
 Sticky Flame             Conj/Fire      0%         2d3       100%        4
 Fireball                 Conj/Fire      0%         3d3       100%        5
 Eringya's Noxious Bog    Tmut/Pois      0%         N/A       100%        6
 Plasma Beam              Fire/Air       0%         2x1d11    100%        6
 Starburst                Conj/Fire      0%         6d3       100%        6
 Ignition                 Fire           0%         3d3       100%        8
 Summon Ice Beast         Ice/Summ       Unusable   N/A       N/A         4
 Summon Forest            Summ/Tloc      Unusable   N/A       N/A         5
 Summon Hydra             Summ           Unusable   N/A       N/A         7

Dungeon Overview and Level Annotations

Branches:
Dungeon (11/15)            Temple (1/1) D:4         Ossuary (visited)
   Lair: D:8-11         Orc: D:9-12

Altars:
Dithmenos
Fedhas
Gozag
Hepliaklqana
Makhleb
Okawaru
Qazlal
Trog
Uskayaw
Wu Jian
Xom
The Shining One


Message History

Something hits you but does no damage. Something hits you. x2
You thump something! You burn something. Okawaru accepts your kill.
Reactivating autopickup.
You feel a bit more experienced.
Your Throwing skill increases to level 3!
Your Armour skill increases to level 6!
You have reached level 11!
There is a stone staircase leading down here.
A komodo dragon comes into view.
Throw: 9 darts (poison)
Press: ? - help, Q - select action, (/) - cycle Shift-Dir - straight line, f - komodo dragon
Aim: a komodo dragon (73% to hit)
You throw a poisoned dart.
The poisoned dart closely misses the komodo dragon.
Unknown command.
You hit the komodo dragon. You burn the komodo dragon.
The komodo dragon is lightly wounded.
The komodo dragon bites you but does no damage.
The komodo dragon bites you!
You sock the komodo dragon! You burn the komodo dragon.
The komodo dragon is moderately wounded.
The komodo dragon bites you!
You barely miss the komodo dragon.
The komodo dragon is moderately wounded.
The komodo dragon bites you!
You closely miss the komodo dragon.
The komodo dragon is moderately wounded.
The komodo dragon bites you.
You hit the komodo dragon but do no damage.
The komodo dragon is moderately wounded.
The komodo dragon barely misses you. The komodo dragon bites you!
You barely miss the komodo dragon.
The komodo dragon is moderately wounded.
The komodo dragon bites you!!
* * * LOW HITPOINT WARNING * * *
You barely miss the komodo dragon.
The komodo dragon is moderately wounded.
The komodo dragon bites you!!
You die...

### #########.#
..........##############
.....####...>...@l.....(
...#+# #...............
...# #...............
...# #...............
...# #...............
...# #.######........
...# #.# #........ ....
#.# #........ ....


You could see a komodo dragon.

Vanquished Creatures
  A boulder beetle (D:11)
  A two-headed ogre (D:7)
  An unseen horror (D:10)
  A polar bear (D:8)
  Sigmund (D:4)
  Duvessa (D:6)
  A water moccasin (D:6)
  An orc warrior (D:11)
  A sky beast (D:7)
  3 black bears
  2 ogres
  A centaur (D:7)
  An elf zombie (Ossuary)
  2 kobold brigands
  3 scorpions
  15 wights
  4 killer bees (D:7)
  Dowan (D:6)
  A howler monkey (D:6)
  A vampire bat (D:7)
  6 hounds
  A centaur zombie (Ossuary)
  4 orc priests
  3 human zombies (Ossuary)
  A jelly (D:5)
  6 iguanas
  6 orc wizards
  4 ogre zombies (Ossuary)
  A centaur simulacrum (D:8)
  7 mummies (Ossuary)
  7 gnolls
  9 adders
  A shadow imp (D:8)
  A white imp (D:7)
  2 ufetubi
  A worm zombie (D:7)
  2 adder zombies (Ossuary)
  3 worms
  19 orcs
  12 bats
  9 endoplasms
  A giant cockroach (D:1)
  12 goblins
  7 hobgoblins
  11 jackals
  17 kobolds
  3 quokkas (D:4)
  6 ball pythons
  3 frilled lizards
  4 goblin zombies (Ossuary)
  6 hobgoblin zombies
  3 kobold zombies
  4 quokka zombies (Ossuary)
  4 rats
  4 rat zombies (Ossuary)
233 creatures vanquished.

Notes
Turn   | Place    | Note
-------+----------+-------------------------------------------
     0 | D:1      | Kazon the Human Fighter began the quest for the Orb.
     0 | D:1      | Reached XP level 1. HP: 18/18 MP: 1/1
    53 | D:1      | Identified a scroll of acquirement
    53 | D:1      | Acquired the +1 great mace "Joujuuwk" {flame, Fragile rF+
                  | Dex+5 Stlth+}
    73 | D:1      | Reached XP level 2. HP: 20/24 MP: 2/2
   160 | D:1      | Reached XP level 3. HP: 20/29 MP: 3/3
   888 | D:2      | Reached skill level 1 in Maces & Flails
  1094 | D:2      | Reached XP level 4. HP: 35/35 MP: 4/4
  1243 | D:2      | Reached skill level 1 in Stealth
  1360 | D:2      | Reached skill level 1 in Throwing
  1392 | D:2      | Reached skill level 2 in Maces & Flails
  1471 | D:2      | Reached XP level 5. HP: 41/41 MP: 5/5
  1692 | D:3      | Found a blossoming altar of Fedhas.
  1922 | D:3      | Identified the +2 sling "Qeuhanocyt" {speed, rElec Str-3
                  | Dex+2}
  1956 | D:3      | Found a stormy altar of Qazlal.
  2064 | D:3      | Found a faded altar of an unknown god.
  2093 | D:4      | Found a staircase to the Ecumenical Temple.
  2102 | Temple   | Entered the Ecumenical Temple
  2121 | Temple   | Became a worshipper of Warmaster Okawaru
  2164 | D:4      | Noticed a black bear
  2169 | D:4      | Noticed Sigmund
  2185 | D:4      | Killed a black bear
  2186 | D:4      | Reached skill level 3 in Maces & Flails
  2186 | D:4      | Reached skill level 1 in Invocations
  2186 | D:4      | Reached XP level 6. HP: 37/47 MP: 6/6
  2225 | D:4      | Killed Sigmund
  2225 | D:4      | Reached * piety under Okawaru
  2226 | D:4      | Reached skill level 1 in Dodging
  2226 | D:4      | Reached XP level 7. HP: 53/53 MP: 8/8
  2264 | D:4      | Found a hazy altar of Hepliaklqana.
  2265 | D:4      | Found a shadowy altar of Dithmenos.
  2265 | D:4      | Noticed a shadow
  2366 | D:4      | Reached skill level 4 in Maces & Flails
  2494 | D:4      | Reached skill level 1 in Evocations
  2911 | D:5      | Entered Level 5 of the Dungeon
  3052 | D:5      | Reached XP level 8. HP: 60/60 MP: 10/10
  3088 | D:5      | Reached ** piety under Okawaru
  3120 | D:5      | Reached skill level 5 in Maces & Flails
  3414 | D:6      | Found a shimmering altar of Xom.
  3543 | D:6      | Reached skill level 6 in Maces & Flails
  3640 | D:6      | Noticed Dowan
  3643 | D:6      | Noticed Duvessa
  3649 | D:6      | Killed Duvessa
  3649 | D:6      | Reached *** piety under Okawaru
  3650 | D:6      | Reached XP level 9. HP: 46/65 MP: 12/12
  3650 | D:6      | Killed Dowan
  3861 | D:7      | Received a gift from Okawaru
  3932 | D:7      | Found a sand-covered staircase.
  3938 | D:7      | Reached skill level 5 in Armour
  3950 | Ossuary  | Entered an ossuary
  3979 | Ossuary  | Reached skill level 7 in Maces & Flails
  4387 | D:7      | Reached skill level 5 in Invocations
  4489 | D:7      | Reached **** piety under Okawaru
  4553 | D:7      | Reached skill level 8 in Maces & Flails
  4561 | D:7      | Reached XP level 10. HP: 55/71 MP: 14/14
  4577 | D:7      | Reached skill level 5 in Fighting
  4820 | D:7      | Noticed a two-headed ogre
  4832 | D:7      | Killed a two-headed ogre
  4974 | D:8      | Received a gift from Okawaru
  5074 | D:8      | Reached skill level 9 in Maces & Flails
  5254 | D:8      | You fall into a shaft and drop 3 floors!
  5299 | D:11     | Noticed a boulder beetle
  5310 | D:11     | Killed a boulder beetle
  5310 | D:11     | Reached ***** piety under Okawaru
  5311 | D:11     | Reached skill level 5 in Evocations
  5503 | D:10     | Entered Level 10 of the Dungeon
  5515 | D:10     | Killed an unseen horror
  5516 | D:10     | Reached XP level 11. HP: 61/81 MP: 15/15
  5545 | D:10     | Mangled by a komodo dragon

Illustrated notes

Levels and vault maps discovered:
D:1:      ebering_trefoil_3fold, layout_basic, st_stairs_14, serial_bayou_ford_a
D:2:      layout_basic, hangedman_decor_growths, minmay_close_crescents
D:3:      layout_rooms, mainiacjoe_overflow_concentric_impassable,
          mainiacjoe_overflow_paths, shapermc_ecumenical_altar_acropolis,
          chequers_serial_rivers_micro_b
D:4:      layout_basic, riverfiend_overflow_shadow_ancestor,
          minmay_temple_entry_glass, uniq_sigmund
D:5:      layout_gridville
D:6:      layout_basic, xom_teletrap_fun, uniq_duvessa
D:7:      layout_loops_ring, enter_ossuary_3, roderic_batcave
D:8:      layout_layer_cave, minmay_lair_entry_grove, serial_shops,
          nicolae_lakefront_shop, serial_ice, serial_ice_o, serial_ice_d,
          serial_ice_k, serial_ice_a
D:10:     layout_irregular_city, led_sif_pool, uniq_snorg
D:11:     layout_basic, zombieorc2_lemuel, chequers_garden
Temple:   nicolae_temple_elliptical

Skill      XL: |  1  2  3  4  5  6  7  8  9 10 |
---------------+-------------------------------+-----
Maces & Flails | 1 2 3 4 6 8 9 |  9.4
Stealth        | 1 2 3 |  3.4
Throwing       | 1 2 3 |  3.0
Invocations    | 1 3 4 5 6 |  6.6
Dodging        | 1 2 |  2.6
Evocations     | 1 2 3 5 |  5.2
Fighting       | 4 5 |  5.6
Armour         | 4 5 6 |  6.0
Axes           | |  2.5
Shields        | |  3.1

Action                     |  1- 3 |  4- 6 |  7- 9 | 10-12 || total
---------------------------+-------+-------+-------+-------++-------
  Melee: War axe           |    28 |       |       |       ||    28
         Great mace        |    72 |    94 |   301 |   114 ||   581
  Throw: Stone             |       |     5 |    37 |       ||    42
         Dart              |       |       |     6 |    17 ||    23
         Boomerang         |       |       |     6 |     6 ||    12
 Invoke: Heroism           |       |       |       |     3 ||     3
    Use: Scroll            |     2 |     1 |     2 |       ||     5
         Potion            |     1 |       |       |     1 ||     2
   Stab: Sleeping          |     2 |     2 |     9 |     3 ||    16
 Armour: Scale mail        |    55 |    65 |   156 |    44 ||   320
  Dodge: Dodged            |    61 |    64 |   187 |    87 ||   399
  Block: Buckler           |    12 |       |       |       ||    12
